 Dungeon Crawl Stone Soup version 0.24.0-37-gcf1ca852f1 (webtiles) character file.

Game seed: 12291561937026822776, levelgen mode: deterministic

914 FishyPogo the Ducker (level 7, -4/55 HPs)
             Began as a Demonspawn Gladiator on Nov 28, 2019.
             Was a Follower of Nemelex Xobeh.
             Killed from afar by Pikel (6 damage)
             ... with a puff of flame
             ... on level 5 of the Dungeon.
             The game lasted 00:15:37 (3987 turns).

FishyPogo the Ducker (Demonspawn Gladiator)         Turns: 3987, Time: 00:15:37

Health: -4/55      AC:  7    Str: 15    XL:     7   Next: 82%
Magic:  7/7        EV: 14    Int: 15    God:    Nemelex Xobeh [*.....]
Gold:   323        SH:  0    Dex: 15    Spells: 6/6 levels left

rFire    . . .     SeeInvis .   y - +4 trident
rCold    . . .     Gourm    .   (no shield)
rNeg     . . .     Faith    .   b - +0 leather armour
rPois    +         Spirit   .   c - +0 helmet
rElec    .         Reflect  .   (no cloak)
rCorr    .         Harm     .   z - +0 pair of gloves
MR       .....                  (no boots)
Stlth    +.........             i - amulet of regeneration
HPRegen  0.58/turn              l - ring of poison resistance
MPRegen  0.10/turn              (no ring)

@: brilliant, hasted, very quick
A: hooves 1, iridescent scales 1, demonic guardian 1
a: Draw Escape, Draw Destruction, Draw Summoning, Renounce Religion


You were on level 5 of the Dungeon.
You worshipped Nemelex Xobeh.
Nemelex Xobeh was aware of your devotion.
You were not hungry.

You visited 1 branch of the dungeon, and saw 5 of its levels.
You also visited: Ossuary.

You collected 323 gold pieces.

Inventory:

Hand Weapons
 y - a +4 trident (weapon)
 A - a cursed -3 flail
Missiles
 d - 2 throwing nets
 m - 51 stones (quivered)
 p - 8 javelins
Armour
 b - a +0 leather armour (worn)
 c - a +0 helmet (worn)
 z - a +0 pair of gloves (worn)
Jewellery
 i - an amulet of regeneration (around neck)
 l - a ring of poison resistance (left hand)
 q - a +4 ring of evasion
Scrolls
 a - a scroll of amnesia {unknown}
 h - 7 scrolls of identify {unknown}
 j - a scroll of remove curse {unknown}
 k - a scroll of immolation {unknown}
 n - 6 scrolls of teleportation {unknown}
 o - a scroll of enchant armour {unknown}
 w - a scroll of fog
 x - a scroll of magic mapping {unknown}
 D - a scroll of enchant weapon {unknown}
Potions
 e - 3 potions of lignification
 g - 3 potions of might
 r - 4 potions of curing
 u - 3 potions of heal wounds {unknown}
 C - 2 potions of mutation {unknown}
Comestibles
 f - 12 rations


   Skills:
 + Level 4.5 Fighting
   Level 3.0 Long Blades
 - Level 3.0 Maces & Flails
 * Level 1.4 Polearms
 - Level 3.1 Throwing
 + Level 3.5 Armour
 + Level 4.6 Dodging
 * Level 0.5 Invocations


You had 6 spell levels left.
You didn't know any spells.
Your spell library was empty.

Dungeon Overview and Level Annotations

Branches:
Dungeon (5/15)             Temple (0/1) D:5         Ossuary (visited)

Altars:
Nemelex Xobeh
Trog
Uskayaw
Vehumet
Yredelemnul

Annotations:
D:4 3 runed translucent doors, mrkaede's ghost, amateur HOFi
D:5 Pikel


Innate Abilities, Weirdness & Mutations

You have large cloven feet.
You are partially covered in iridescent scales. (AC +2)
A weak demonic guardian rushes to your aid.


Message History

The slave hits you but does no damage.
It was a potion of brilliance.
You feel clever all of a sudden. Pikel hits you but does no damage.
The slave hits you.
* * * LOW HITPOINT WARNING * * *
It was a potion of haste.
You feel yourself speed up. The slave closely misses you.
Pikel hits you with a +2 whip of freezing.
* * * LOW HITPOINT WARNING * * *
Pikel freezes you.
* * * LOW HITPOINT WARNING * * *
The slave barely misses you.
Okay, then.
Okay, then.
You draw a card...
You have drawn the Shaft.
A shaft materialises beneath you! The slave hits you but does no damage.
Pikel says, "I'm sure they'll be treated well, anyway."
Pikel zaps a wand.
The puff of flame hits you.
You die...
Your body disappears without a glow.

.....#
...... ....
####§#####
#§§§.....#
#.§.§....#
#§§§.....#
##§pKp...#
##..@....#
#........#
#...5....#
#........#
##.......#
#.......#
######.#...#
.......#...#
.......#..##
### .


You could see Pikel, 2 slaves and a friendly quasit.

Vanquished Creatures
  A wraith (Ossuary)
  Menkaure (D:5)
  2 slaves (D:5)
  An ogre (D:5)
  A scorpion (D:4)
  3 wights (Ossuary)
  2 hounds
  3 gnolls (D:2)
  2 adders
  3 worms
  2 dart slugs
  3 leopard geckos
  5 orcs (D:3)
  4 bats
  10 giant cockroaches
  5 goblins
  7 hobgoblins
  5 jackals (D:3)
  2 quokkas
  A ball python (D:1)
  A ball python skeleton (Ossuary)
  5 frilled lizards
  A giant cockroach zombie (D:5)
  2 goblin zombies (D:4)
  A hobgoblin skeleton (Ossuary)
  3 hobgoblin zombies (Ossuary)
  6 kobolds
  2 kobold zombies (Ossuary)
  2 orc skeletons (Ossuary)
  11 rats
97 creatures vanquished.

Vanquished Creatures (collateral kills)
  A wraith (Ossuary)
  A centaur (D:5)
  An ogre (D:4)
  A crimson imp (D:5)
4 creatures vanquished.

Vanquished Creatures (others)
  A wizard (D:5)
1 creature vanquished.

Grand Total: 102 creatures vanquished

Notes
Turn   | Place    | Note
-------+----------+-------------------------------------------
     0 | D:1      | FishyPogo the Demonspawn Gladiator began the quest for the
                  | Orb.
     0 | D:1      | Reached XP level 1. HP: 16/16 MP: 1/1
   179 | D:1      | Gained mutation: A weak demonic guardian rushes to your
                  | aid. [demonic ancestry]
   179 | D:1      | Reached XP level 2. HP: 20/22 MP: 2/2
   745 | D:2      | Reached skill level 1 in Armour
   745 | D:2      | Gained mutation: You are partially covered in iridescent
                  | scales. (AC +2) [demonic ancestry]
   745 | D:2      | Reached XP level 3. HP: 14/28 MP: 3/3
  1015 | D:2      | Reached XP level 4. HP: 34/34 MP: 4/4
  1837 | D:3      | Reached skill level 1 in Maces & Flails
  1949 | D:3      | Found a hide-covered altar of Uskayaw.
  2522 | D:4      | Found a sand-covered staircase.
  2532 | D:4      | Gained mutation: You have large cloven feet. [demonic
                  | ancestry]
  2532 | D:4      | Reached XP level 5. HP: 38/41 MP: 5/5
  2541 | Ossuary  | Entered an ossuary
  2648 | Ossuary  | Noticed a wraith
  2648 | Ossuary  | Noticed a flying skull
  2664 | Ossuary  | Noticed a flying skull
  2695 | Ossuary  | Noticed a flying skull
  2721 | Ossuary  | Noticed a wraith
  2752 | Ossuary  | Killed a wraith
  2752 | Ossuary  | Reached XP level 6. HP: 35/47 MP: 6/6
  2780 | Ossuary  | Noticed a wraith
  2847 | Ossuary  | Killed a wraith
  2859 | Ossuary  | Noticed a flying skull
  2861 | Ossuary  | Noticed a flying skull
  2867 | Ossuary  | Reached XP level 7. HP: 33/53 MP: 7/7
  3107 | D:4      | Found a sparkling altar of Nemelex Xobeh.
  3111 | D:4      | Became a worshipper of Nemelex Xobeh the Trickster
  3121 | D:4      | Found a runed translucent gate.
  3121 | D:4      | Received a gift from Nemelex Xobeh
  3179 | D:4      | Found a runed translucent gate.
  3179 | D:4      | Found a runed translucent gate.
  3179 | D:4      | Noticed mrkaede's ghost (amateur HOFi)
  3572 | D:4      | Found a basalt altar of Yredelemnul.
  3630 | D:5      | Entered Level 5 of the Dungeon
  3641 | D:5      | Found a staircase to the Ecumenical Temple.
  3656 | D:5      | Found a radiant altar of Vehumet.
  3769 | D:5      | Found a bloodstained altar of Trog.
  3772 | D:5      | Noticed a wizard
  3778 | D:5      | Killed a wizard
  3825 | D:5      | Noticed Menkaure
  3831 | D:5      | Killed Menkaure
  3831 | D:5      | Reached skill level 1 in Polearms
  3833 | D:5      | Reached * piety under Nemelex Xobeh
  3965 | D:5      | Noticed Pikel
  3986 | D:5      | HP: 2/55 [Pikel/+2 whip of freezing (1)]
  3987 | D:5      | Killed from afar by Pikel

Levels and vault maps discovered:
D:1:      psy_arrival_dodecagon, layout_basic, st_stairs_8, nrook_campfire,
          minmay_misc_feat_four_crosses
D:2:      layout_basic, kennysheep_pointless_box
D:3:      layout_basic, nicolae_overflow_crystal_walls, first_ration
D:4:      layout_basic, kennysheep_mini, nemelex_xobeh_ov_fountains_minmay,
          enter_ossuary_4, ebering_ghost_rock_garden
D:5:      layout_gridville, vehumet_crystals, minmay_temple_entry_junction_2,
          basic_altar, corexii_shack, minmay_crystal_room, trog_wizard,
          uniq_pikel, uniq_menkaure

Skill      XL: |  1  2  3  4  5  6  7 |
---------------+----------------------+-----
Throwing       | 2 3 |  3.1
Long Blades    | 3 |  3.0
Armour         | 1 2 3 |  3.5
Dodging        | 3 4 |  4.6
Maces & Flails | 1 2 3 |  3.0
Fighting       | 3 4 |  4.5
Polearms       | 1 |  1.4
Invocations    | |  0.5

Action                   |  1- 3 |  4- 6 |  7- 9 || total
-------------------------+-------+-------+-------++-------
Melee: Long sword        |    40 |       |       ||    40
       Whip              |    50 |   146 |       ||   196
       Kick              |       |     9 |     7 ||    16
       Trident           |       |       |    51 ||    51
Throw: Stone             |       |     9 |     3 ||    12
       Javelin           |       |     4 |       ||     4
       Throwing net      |       |     3 |       ||     3
 Abil: Draw Destruction  |       |       |     5 ||     5
       Draw Escape       |       |       |     1 ||     1
       Draw Summoning    |       |       |     1 ||     1
  Use: Potion            |       |     2 |     3 ||     5
       Scroll            |       |       |     2 ||     2
 Stab: Sleeping          |       |     1 |       ||     1
  Eat: Chunk             |       |     6 |     4 ||    10
Armor: Leather armour    |    17 |    35 |    15 ||    67
       Skin              |       |    12 |       ||    12
Dodge: Dodged            |    49 |    82 |    40 ||   171
       Rpst.: Long sword |     7 |       |       ||     7
